 Dungeon Crawl Stone Soup version 0.30.1-5-ged363bc7ee (webtiles) character file.

Game seed: 4935013072379649222

493648 Amplified the Myrmidon (level 23, -2/215 HPs)
             Began as a Minotaur Hedge Wizard on Sept 17, 2023.
             Was an Elder of Okawaru.
             Killed from afar by Frederick (54 damage)
             ... with an iron shot
             ... in the Arena on Sept 19, 2023.
             The game lasted 01:24:54 (52802 turns).

Amplified the Myrmidon (Minotaur Hedge Wizard)     Turns: 52802, Time: 01:24:54

Health: -2/215     AC: 28    Str: 35    XL:     23   Next: 92%
Magic:  26/38      EV: 14    Int: 17    God:    Okawaru [****..]
Gold:   353        SH: 34    Dex: 11    Spells: 23/26 levels left

rFire   + + +        p - +9 broad axe (freeze)
rCold   + . .        W - +18 shield of the Gong {Loud rN+ Will+ rCorr EV-5}
rNeg    + + +        q - +8 ring mail "Pintoi" {rElec rPois rF- rN+++}
rPois   +            k - +1 hat of the World {rC+}
rElec   +            s - scarf of Decompression {shadows, Drain Fly Str+3}
rCorr   +            Z - +3 pair of gauntlets of War {Slay+5}
SInv    .            K - +1 pair of boots of Voapir {Str+3}
Will    +++..        f - amulet of the Scarab {Acrobat Fragile rElec rF++ Stlth+}
Stlth   +++          M - ring of Joatylea {*Corrode rPois rF+ Str+8}
HPRegen 0.55/turn    Y - ring of Zyfred {rF+ rN+}
MPRegen 0.26/turn

%: corrode self (3%), acrobat
@: heroic, finesse-ful, flying, studying Fighting, duelling
A: horns 2, retaliatory headbutt, clever 1, strong-willed 1
}: 2/15 runes: serpentine, abyssal
a: Renounce Religion, Heroism, Finesse


You were in the Arena.
You worshipped Okawaru.
Okawaru was greatly pleased with you.
You visited 10 branches of the dungeon, and saw 42 of its levels.
You visited the Abyss 2 times.
You also visited: Sewer, Bailey, Gauntlet, Wizlab and Desolation.

You collected 8103 gold pieces.
You spent 7750 gold pieces at shops.

Inventory:

Hand Weapons
 a - a +4 eveningstar of protection
 c - a +2 broad axe of flaming
 p - a +9 broad axe of freezing (weapon)
Missiles
 y - 4 curare-tipped darts (quivered)
 X - a throwing net
Armour
 k - the +1 hat of the World (worn) {rC+}
   (Okawaru gifted it to you in a wizard's laboratory)

   rC:        It protects you from cold.
 q - the +8 ring mail "Pintoi" (worn) {rElec rPois rF- rN+++}
   (You bought it in a shop on level 1 of the Vaults)

   rF:        It makes you vulnerable to fire.
   rElec:     It insulates you from electricity.
   rPois:     It protects you from poison.
   rN:        It renders you almost immune to negative energy.
 s - the scarf of Decompression (worn) {shadows, Drain Fly Str+3}
   (Okawaru gifted it to you on level 3 of the Vaults)

   Str:       It affects your strength (+3).
   Fly:       It grants you flight.
   Drain:     It drains your maximum health when unequipped.
 z - a +2 pair of boots of flying
 C - the quicksilver dragon scales "Tiria" {Will+ Int+3}
   (You bought it in a shop on level 3 of the Dungeon)

   Int:       It affects your intelligence (+3).
   Will:      It increases your willpower.
 K - the +1 pair of boots of Voapir (worn) {Str+3}
   (You found it in a Gauntlet)

   Str:       It affects your strength (+3).
 W - the +18 shield of the Gong (worn) {Loud rN+ Will+ rCorr EV-5}
   (You found it on level 3 of the Lair of Beasts)

   Loud:      It is deafeningly noisy when blocking attacks.
   EV:        It affects your evasion (-5).
   rN:        It protects you from negative energy.
   rCorr:     It protects you from acid and corrosion.
   Will:      It increases your willpower.
 Z - the +3 pair of gauntlets of War (worn) {Slay+5}
   (You found it on level 5 of the Lair of Beasts)

   Slay:      It affects your accuracy & damage with ranged weapons and melee
   (+5).
Jewellery
 f - the amulet of the Scarab (around neck) {Acrobat Fragile rElec rF++ Stlth+}
   (You found it on level 3 of the Crypt)

   [amulet of the acrobat]

   It increases your evasion while moving and waiting.
   rF:        It greatly protects you from fire.
   rElec:     It insulates you from electricity.
   Fragile:   It will be destroyed if unequipped.
   Stlth:     It makes you more stealthy.
 t - the ring "Beymn" {rPois rN+ Str+4 Int-3}
   (You found it on level 3 of the Crypt)

   [ring of positive energy]

   Str:       It affects your strength (+4).
   Int:       It affects your intelligence (-3).
   rPois:     It protects you from poison.
   rN:        It protects you from negative energy.
 A - the amulet of Buelamom {Acrobat -Cast rElec Str+8 Dex-3}
   (You found it in a wizard's laboratory)

   [amulet of the acrobat]

   It increases your evasion while moving and waiting.
   Str:       It affects your strength (+8).
   Dex:       It affects your dexterity (-3).
   rElec:     It insulates you from electricity.
   -Cast:     It prevents spellcasting.
 B - the ring "Etep" {rN+ rCorr Str+3}
   (You found it on level 3 of the Crypt)

   [ring of positive energy]

   Str:       It affects your strength (+3).
   rN:        It protects you from negative energy.
   rCorr:     It protects you from acid and corrosion.
 M - the ring of Joatylea (left hand) {*Corrode rPois rF+ Str+8}
   (You took it off a minotaur in a Gauntlet)

   [ring of protection from fire]

   Str:       It affects your strength (+8).
   rF:        It protects you from fire.
   rPois:     It protects you from poison.
   *Corrode:  It may corrode you when you take damage.
 Y - the ring of Zyfred (right hand) {rF+ rN+}
   (You found it on level 3 of the Crypt)

   [ring of positive energy]

   rF:        It protects you from fire.
   rN:        It protects you from negative energy.
Wands
 m - a wand of digging (2)
 v - a wand of flame (89)
 N - a wand of polymorph (9)
 O - a wand of mindburst (30)
 P - a wand of acid (28)
 Q - a wand of iceblast (36)
Scrolls
 e - 5 scrolls of teleportation
 i - 6 scrolls of butterflies
 o - 8 scrolls of fog
 r - 7 scrolls of amnesia
 u - 9 scrolls of immolation
 x - 7 scrolls of vulnerability
 H - 5 scrolls of poison
 L - 31 scrolls of identify
 T - 4 scrolls of silence
 V - 6 scrolls of fear
Potions
 b - a potion of resistance
 d - 2 potions of magic
 h - a potion of mutation
 j - 3 potions of haste
 n - 11 potions of flight
 D - 11 potions of cancellation
 F - a potion of ambrosia
 G - 6 potions of brilliance
 S - a potion of berserk rage
 U - 10 potions of curing
Miscellaneous
 E - a phantom mirror
 R - a phial of floods


   Skills:
 * Level 19.9(24.9) Fighting
 - Level 20.1(26.2) Axes
 - Level 11.8(22.3) Maces & Flails
 - Level 20.5(25.5) Armour
 - Level 15.1(20.1) Dodging
 - Level 1.5(6.5) Stealth
 - Level 18.0(23.0) Shields
 - Level 2.1 Spellcasting
 - Level 0.6 Conjurations
 - Level 9.6 Hexes
 - Level 0.6 Summonings
 - Level 0.6 Translocations
 * Level 25.4 Invocations
 - Level 8.8 Evocations


You had 23 spell levels left.
You knew the following spells:

 Your Spells              Type           Power      Damage    Failure   Level
a - Magic Dart            Conj           12%        1d3       19%         1
b - Lesser Beckoning      Tloc           6%         N/A       28%         2

Your spell library contained the following spells:

 Spells                   Type           Power      Damage    Failure   Level
 Slow                     Hex            100%       N/A       1%          1
 Cause Fear               Hex            17%        N/A       4%          4
 Dazzling Flash           Conj/Hex       38%        N/A       9%          3
 Foxfire                  Conj/Fire      8%         2x1d4     21%         1
 Beastly Appendage        Tmut           2%         N/A       24%         1
 Necrotise                Necr           4%         1d4       24%         1
 Sandblast                Erth           2%         2d4       24%         1
 Blink                    Tloc           6%         N/A       28%         2
 Static Discharge         Conj/Air       4%         2-3/arc   30%         2
 Anguish                  Hex/Necr       9%         N/A       32%         4
 Cigotuvi's Dreadful Rot  Necr/Pois/Air  2%         N/A       34%         2
 Passwall                 Tmut/Erth      0%         N/A       34%         2
 Poisonous Vapours        Pois/Air       2%         N/A       34%         2
 Wereblood                Tmut           1%         N/A       34%         2
 Gell's Gravitas          Tloc           3%         N/A       50%         3
 Teleport Other           Tloc           3%         N/A       50%         3
 Hailstorm                Conj/Ice       2%         3d3       52%         3
 Vhi's Electric Charge    Tloc/Air       4%         N/A       52%         3
 Volatile Blastmotes      Fire/Tloc      4%         2d10      52%         3
 Mephitic Cloud           Conj/Pois/Air  2%         N/A       54%         3
 Ignite Poison            Fire/Tmut/Pois 1%         N/A       56%         3
 Ozocubu's Armour         Ice            1%         N/A       56%         3
 Spider Form              Tmut/Pois      1%         N/A       56%         3
 Vampiric Draining        Necr           1%         2d6       56%         3
 Iskenderun's Mystic Bla  Conj/Tloc      3%         2d3       88%         4
 Airstrike                Air            0%         2d(1-17)  93%         4
 Ice Form                 Ice/Tmut       1%         N/A       93%         4
 Arcjolt                  Conj/Air       1%         1d11      99%         5
 Fireball                 Conj/Fire      1%         3d3       99%         5
 Freezing Cloud           Conj/Ice/Air   1%         6-21      99%         5
 Irradiate                Conj/Tmut      1%         3d12      99%         5
 Agony                    Necr           1%         N/A       100%        5
 Blade Hands              Tmut           0%         N/A       100%        5
 Dispersal                Tloc           1%         N/A       100%        6
 Plasma Beam              Fire/Air       0%         2x1d11    100%        6
 Starburst                Conj/Fire      1%         6d3       100%        6
 Statue Form              Tmut/Erth      0%         N/A       100%        6
 Dragon Form              Tmut           0%         N/A       100%        7
 Ozocubu's Refrigeration  Ice            0%         4d7       100%        7
 Borgnjor's Revivificati  Necr           0%         N/A       100%        8
 Necromutation            Tmut/Necr      0%         N/A       100%        8
 Death's Door             Necr           0%         N/A       100%        9
 Polar Vortex             Ice            0%         N/A       100%        9
 Shatter                  Erth           0%         3d5*      100%        9
 Summon Guardian Golem    Hex/Summ       Unusable   N/A       N/A         3
 Call Imp                 Summ           Unusable   N/A       N/A         2
 Animate Armour           Summ/Erth      Unusable   N/A       N/A         4
 Summon Lightning Spire   Summ/Air       Unusable   N/A       N/A         4
 Summon Forest            Summ/Tloc      Unusable   N/A       N/A         5
 Simulacrum               Ice/Necr       Unusable   N/A       N/A         6
 Haunt                    Necr/Summ      Unusable   N/A       N/A         7
 Summon Hydra             Summ           Unusable   N/A       N/A         7
 Dragon's Call            Summ           Unusable   N/A       N/A         9

Dungeon Overview and Level Annotations

Branches:
Dungeon (15/15)            Temple (1/1) D:6            Lair (5/5) D:10
 Shoals (1/4) Lair:3        Snake (4/4) Lair:3        Slime (0/5) Lair:5
    Orc (2/2) D:9             Elf (3/3) Orc:2        Vaults (4/5) D:14
  Crypt (3/3) Vaults:2       Tomb (0/3) Crypt:3      Depths (4/4) D:15
  Sewer (visited)          Bailey (visited)          WizLab (visited)
Desolation (visited)      Gauntlet (visited)
    Zot: Depths:4

Altars:
Ashenzari
Cheibriados
Dithmenos
Elyvilon
Fedhas
Gozag
Hepliaklqana
Kikubaaqudgha
Makhleb
Nemelex Xobeh
Okawaru
Qazlal
Ru
Sif Muna
Trog
Uskayaw
Vehumet
Wu Jian
Xom
Yredelemnul
Zin
The Shining One
Jiyva

Shops:
D:3 [   D:6 **   Orc:2 *!::?   Elf:2 :   Elf:3 *   Snake:1 !:*([   Vaults:1 [
Vaults:2 ?   Depths:1 (*   Depths:2 [

Portals:
Hell: Depths:1 Depths:2 Depths:3 Depths:4
Abyss: Depths:3 Depths:4
Pandemonium: Depths:2
Ziggurat: Depths:3

Annotations:
D:15 6 transporters, VISIT, MadAsgardian's ghost, journeyman TrMo
Temple 2 transporters
Lair:2 exclusion: oklob plant
Vaults:4 Sojobo Arena Frederick


Innate Abilities, Weirdness & Mutations

You have a pair of horns on your head.
You reflexively headbutt those who attack you in melee.
Your mind is acute. (Int +4, Str/Dex -1)
You are strong-willed. (Will+)


Message History

Press: ? - help, Dir - move target, f - Frederick
Aim: Frederick, wielding a +1 vampiric demon trident and wearing a +0 chain mail (moderately wounded)
You enter into single combat with Frederick!
The world spins around you as you enter the gateway.
You enter Okawaru's Arena!
Reactivating autopickup.
You can no longer enter into single combat with a foe.
Okawaru will no longer gift you equipment.
The spectator shouts! x3
You block Frederick's attack.
GONNNNG!
Found a gate leading back out of this place.
There is an empty arch of ancient stone here.
Okay, then.
You can now deal lightning-fast blows.
The spectator shouts!
Frederick pines for a worthy opponent.
You block Frederick's attack.
PANG!
Unknown command.
Throw: 5 darts (curare)
Press: ? - help, Q - select action, (/) - cycle Shift-Dir - straight line, f - Frederick
Aim: Frederick, wielding a +1 vampiric demon trident and wearing a +0 chain mail (moderately wounded, 78% to hit)
You throw a curare-tipped dart. The curare-tipped dart hits Frederick.
Frederick is poisoned.
Frederick convulses.
Frederick seems to slow down.
Frederick is moderately wounded.
The spectator shouts! x7
Unknown command.
Unknown command.
You slice Frederick like a ripe choko!!!
You freeze Frederick!!
Frederick is almost dead.
Unknown command.
You slice Frederick!! You freeze Frederick!
Frederick is almost dead.
Frederick points at you and mumbles some strange words.
The iron shot hits you!!!
You die...
Okawaru crowns Frederick victorious!

#.p.▓p▓p..# #
▓▓▓▓▓▓▓▓▓ #
.▓ ....... ▓.
.▓.#.....#.▓p
p▓.........▓.
▓▓....@....▓▓
p▓....@....▓∩
▓▓.........▓▓
p▓.........▓p
.▓.#.....#.▓.
.▓ ....... ▓.
# ▓▓▓▓▓▓▓▓▓ #
#..p▓p▓p..#


You could see Frederick (very poisoned, slow).

Vanquished Creatures
  Mara (Arena)
  2 ancient liches
  A juggernaut (Depths:3)
  Boris (thrice) (Crypt:2 Depths:1 Depths:3)
  Bai Suzhen (Arena)
  A curse toe (Crypt:3)
  A golden dragon (Depths:4)
  The ghost of Plog the Warrior, an adept DgCj (Depths:3)
  7 caustic shrikes
  A Hellbinder (WizLab)
  A profane servitor (Crypt:3)
  3 doom hounds (Depths:2)
  3 Tzitzimimeh
  Jorgrun (D:14)
  A walking crystal tome (Depths:3)
  A tentacled monstrosity (Depths:2)
  3 liches (Depths:2)
  Zenata (Vaults:1)
  Rupert (D:13)
  Grunn (Arena)
  A deep elf blademaster (Elf:2)
  A walking earthen tome (Depths:3)
  8 sphinxes
  8 ancient champions
  3 titans
  5 tengu reavers
  Kirke (D:14)
  Agnes (Snake:1)
  A shadow dragon (Depths:4)
  Donald (Elf:1)
  Roxanne (D:14)
  2 storm dragons
  12 nagarajas
  An iron dragon (Depths:3)
  10 vault wardens
  8 fire giants
  2 deep elf sorcerers (Elf:1)
  A frost giant (Depths:2)
  2 revenants (Crypt:3)
  Aizul (Snake:1)
  An imperial myrmidon (Desolation)
  A curse skull (Crypt:1)
  4 balrugs
  13 ironbound preservers
  2 orc warlords
  A shard shrike simulacrum (Crypt:3)
  3 war gargoyles (Vaults:3)
  2 spriggan defenders (Depths:3)
  A cacodemon (WizLab)
  4 reapers (Depths:2)
  3 ghouls
  A caustic shrike skeleton (Crypt:3)
  A quicksilver ooze (shapeshifter) (Depths:3)
  19 very ugly things
  16 stone giants
  A grey draconian (Depths:4)
  A putrid mouth (Depths:2)
  A demonspawn black sun (WizLab)
  9 vampire knights
  10 dire elephants
  7 ironbound thunderhulks
  A lorocyproca (Depths:3)
  2 deep elf demonologists
  2 minotaurs
  Azrael (Elf:2)
  A halazid warlock (Desolation)
  A deep elf annihilator (Elf:1)
  The ghost of laros the Severer, a journeyman MiBe of Trog (Lair:2)
  4 spark wasps
  A yellow draconian (Depths:4)
  A blizzard demon (Abyss:3)
  3 deep elf death magi
  6 ettins
  7 eidola
  2 ragged hierophants (Desolation)
  13 jiangshi
  A crystal guardian (Vaults:3)
  2 green deaths
  10 fire dragons
  8 great orbs of eyes
  The ghost of YordlordTheGreat the Severer, a journeyman HOGl of Uskayaw (D:11)
  10 yaktaur captains
  2 entropy weavers
  12 vault guards
  A deep elf high priest (Elf:3)
  10 hydras
  3 ice dragons
  A quicksilver dragon skeleton (Crypt:2)
  A salamander tyrant (Snake:1)
  5 servants of whispers (Desolation)
  A hell beast (WizLab)
  4 peacekeepers
  An Orb Guardian zombie (Crypt:1)
  3 death knights
  A spriggan skeleton (Crypt:2)
  4 ogre magi (Orc:2)
  8 ironbound frosthearts
  13 anacondas
  2 alligators (Lair:3)
  3 spriggan air magi
  14 naga warriors
  A fenstrider witch skeleton (Crypt:2)
  4 boulder beetles
  32 centaur warriors
  19 two-headed ogres
  Erica (D:8)
  12 death yaks
  8 deep troll shamans
  20 dancing weapons
  4 deep troll earth magi
  10 vampire magi
  An orc high priest (Orc:2)
  7 tengu warriors
  5 spriggan berserkers
  13 naga sharpshooters
  A skyshark (Lair:1)
  5 soul eaters
  11 shock serpents
  An emperor scorpion zombie (Crypt:2)
  13 deep elf knights
  2 sun demons
  A fire crab (Lair:3)
  5 hell knights (Depths:2)
  40 skeletal warriors
  Lodul (D:13)
  A sixfirhy (WizLab)
  2 salamander mystics
  8 sea snakes
  A swamp dragon (Lair:5)
  5 shadow wraiths
  An iron giant zombie (Crypt:2)
  3 iron trolls
  A death drake (Gauntlet)
  33 deep trolls
  3 flayed ghosts
  A tengu zombie (Depths:3)
  An orange crystal statue (Depths:3)
  A glowing orange brain (shapeshifter) (Depths:2)
  10 wizards
  4 glowing orange brains
  2 bog bodies
  4 shadow demons
  12 phantasmal warriors
  9 deep elf archers
  9 ironbound convokers
  A spectral hydra (Lair:2)
  5 naga ritualists
  An anaconda skeleton (Crypt:1)
  7 orc knights
  9 harpies
  8 necromancers
  4 mana vipers
  A golden dragon skeleton (Crypt:2)
  34 deep elf pyromancers
  22 deep elf zephyrmancers
  8 lindwurms
  An orc sorcerer (Elf:3)
  A sphinx skeleton (Depths:3)
  22 ugly things
  2 frost giant zombies (D:15)
  4 oklob plants (Lair:2)
  3 shining eyes (Depths:3)
  8 salamanders
  13 manticores
  A spectral centaur (Gauntlet)
  A worldbinder (Abyss:3)
  6 cyclopes
  A black mamba (shapeshifter) (Elf:2)
  8 guardian serpents
  41 black mambas
  A centaur zombie (Gauntlet)
  14 vault sentinels
  A merfolk siren (Lair:3)
  4 orange demons
  A water nymph (shapeshifter) (Depths:2)
  4 rust devils
  A torpor snail (Lair:2)
  15 elephants
  A gargoyle (D:9)
  A frost giant skeleton (Depths:3)
  An ice statue (Lair:3)
  2 smoke demons
  7 cane toads
  A grey draconian zombie (Crypt:2)
  17 naga magi
  An eye of devastation (Depths:3)
  5 rime drakes
  3 unseen horrors
  A dire elephant skeleton (Crypt:2)
  3 hellions (WizLab)
  6 komodo dragons
  7 freezing wraiths
  A spriggan zombie (D:15)
  An ancient zyme (Abyss:3)
  9 ice devils
  3 tormentors
  49 yaktaurs
  A guardian mummy (Crypt:3)
  8 trolls
  4 red devils
  3 polar bears
  2 harpy zombies
  A troll (shapeshifter) (Elf:2)
  4 hellwings
  A hydra skeleton (Crypt:2)
  A tyrant leech (Gauntlet)
  3 harpy skeletons
  Grinder (D:6)
  6 hornets
  A spectral elephant (Lair:2)
  21 saltlings (Desolation)
  4 blink frogs
  A wind drake (Shoals:1)
  A dream sheep (Lair:5)
  A culicivora (Vaults:1)
  6 vampires
  45 slime creatures
  2 shadows
  A spectral black mamba (Lair:2)
  7 flying skulls
  2 ynoxinuls
  A culicivora (shapeshifter) (D:15)
  6 air elementals
  2 water elementals (Elf:1)
  2 dire elephant simulacra
  63 yaks
  4 spriggans
  9 basilisks
  10 fire elementals
  4 wraiths
  A black mamba skeleton (Crypt:2)
  9 wyverns
  17 humans (D:14)
  5 steam dragons
  6 chaos spawn
  5 hogs (D:14)
  A neqoxec (Depths:2)
  A spectral komodo dragon (Lair:2)
  A death yak simulacrum (Lair:3)
  A spectral cane toad (Lair:2)
  21 vampire mosquitoes
  2 wargs (Orc:2)
  3 acid dragons
  50 nagas
  2 glowing shapeshifter zombies
  16 water moccasins
  2 glowing shapeshifter skeletons
  2 swamp worms (Gauntlet)
  4 hell hounds
  A hydra simulacrum (Lair:2)
  A two-headed ogre skeleton (Crypt:1)
  3 swamp drakes (Lair:5)
  A merfolk skeleton (Crypt:2)
  Pargi (D:3)
  35 orc warriors
  2 sky beasts
  5 black bears
  41 ogres
  3 centaurs
  A boggart (shapeshifter) (Depths:2)
  A boggart (Vaults:3)
  18 wolves
  A swamp dragon skeleton (Crypt:2)
  A phantom (D:6)
  Blork the orc (D:6)
  3 kobold brigands
  2 earth elementals
  A komodo dragon zombie (Crypt:3)
  10 bullfrogs
  A rime drake skeleton (Crypt:2)
  A necrophage (Crypt:2)
  6 gnoll sergeants
  7 scorpions
  A cane toad simulacrum (Lair:3)
  A wyvern skeleton (Crypt:1)
  A water moccasin skeleton (Crypt:3)
  5 wights
  An elephant simulacrum (Lair:3)
  13 killer bees
  A queen bee zombie (Crypt:1)
  A polar bear skeleton (Crypt:1)
  7 howler monkeys
  6 electric eels
  3 bullfrog zombies
  6 hounds
  A komodo dragon simulacrum (Lair:2)
  7 jellies
  11 orc priests
  Crazy Yiuf (D:2)
  8 iguanas
  3 sleepcaps
  20 orc wizards
  A spriggan simulacrum (Lair:3)
  6 hell rats
  A troll simulacrum (Lair:3)
  A sky beast zombie (Crypt:3)
  Robin (D:1)
  12 mummies (Crypt:3)
  12 gnolls
  7 adders
  3 naga simulacra
  15 river rats
  A shadow imp (D:7)
  6 white imps
  3 dart slugs
  68 orcs
  2 endoplasms (D:3)
  8 giant cockroaches
  13 goblins
  22 hobgoblins
  6 jackals
  14 quokkas
  4 ball pythons
  A ball python skeleton (Crypt:1)
  6 bats
  A frilled lizard (D:1)
  12 kobolds
  An orc zombie (Crypt:1)
  A quokka skeleton (Crypt:2)
  22 rats
  A spectral weapon (Depths:2)
1945 creatures vanquished.

Vanquished Creatures (others)
  A deep elf pyromancer (Elf:2)
  A basilisk (D:15)
  A swamp worm (Gauntlet)
3 creatures vanquished.

Grand Total: 1948 creatures vanquished

Notes
Turn   | Place    | Note
-------+----------+-------------------------------------------
     0 | D:1      | Amplified the Minotaur Hedge Wizard began the quest for the
                  | Orb.
     0 | D:1      | Reached XP level 1. HP: 14/14 MP: 2/2
    95 | D:1      | Reached skill level 1 in Fighting
    95 | D:1      | Reached skill level 1 in Armour
   118 | D:1      | Reached XP level 2. HP: 22/23 MP: 4/4
   162 | D:1      | Reached skill level 1 in Maces & Flails
   611 | D:2      | Reached XP level 3. HP: 29/29 MP: 5/5
  1100 | D:2      | Noticed Robin
  1213 | D:1      | Killed Robin
  1214 | D:1      | Reached XP level 4. HP: 28/37 MP: 6/6
  1639 | D:2      | Found a runed translucent door.
  1640 | D:2      | Noticed Crazy Yiuf
  1971 | D:3      | Noticed Pargi
  1974 | D:3      | Gained mutation: Your muscles are strong. (Str +4, Int/Dex
                  | -1) [potion of mutation]
  2147 | D:4      | Reached XP level 5. HP: 45/45 MP: 7/7
  2167 | D:4      | Found a glowing drain.
  2182 | Sewer    | Entered a sewer
  2569 | D:4      | Reached XP level 6. HP: 31/52 MP: 8/8
  2956 | D:5      | Entered Level 5 of the Dungeon
  3175 | D:5      | Reached skill level 5 in Fighting
  3175 | D:5      | Reached XP level 7. HP: 41/61 MP: 9/9
  3321 | D:5      | Reached skill level 5 in Armour
  3383 | D:5      | Reached skill level 5 in Maces & Flails
  4285 | D:5      | Reached XP level 8. HP: 33/70 MP: 10/10
  4786 | D:6      | Noticed Grinder
  4799 | D:6      | Paralysed by Grinder for 3 turns
  4805 | D:6      | Killed Grinder
  5052 | D:6      | Noticed Blork the orc
  5059 | D:6      | Killed Blork the orc
  5229 | D:6      | Found a transporter.
  5234 | D:6      | Found Qaceoqe's General Store.
  5285 | D:6      | Found a transporter.
  5338 | D:6      | Bought a +2 pair of gloves for 231 gold pieces
  5448 | D:6      | Found Huom's Assorted Antiques.
  5582 | D:6      | Found a staircase to the Ecumenical Temple.
  5641 | Temple   | Entered the Ecumenical Temple
  5641 | Temple   | Found a transporter.
  5641 | Temple   | Found a transporter.
  5643 | Temple   | Found a transporter.
  5643 | Temple   | Found a transporter.
  5665 | Temple   | Became a worshipper of Warmaster Okawaru
  5714 | D:6      | Reached XP level 9. HP: 54/81 MP: 11/11
  5997 | D:6      | Identified a scroll of acquirement
  5997 | D:6      | Acquired 765 gold pieces
  5999 | D:6      | Bought 2 scrolls labelled AMOEBUISEO for 66 gold pieces
  5999 | D:6      | Bought a scroll labelled ESOUHO FAUHU for 33 gold pieces
  5999 | D:6      | Bought a scroll labelled EKACUA HAVYCA for 33 gold pieces
  5999 | D:6      | Bought a scroll of teleportation for 99 gold pieces
  5999 | D:6      | Bought a marble ring for 165 gold pieces
  6029 | D:6      | Bought a scroll of identify for 28 gold pieces
  6084 | D:7      | Reached skill level 1 in Invocations
  6323 | D:7      | Found a flagged portal.
  6332 | Bailey   | Entered a bailey
  6477 | Bailey   | Reached skill level 2 in Invocations
  6514 | Bailey   | Reached * piety under Okawaru
  6520 | Bailey   | Reached skill level 3 in Invocations
  6653 | Bailey   | Reached skill level 4 in Invocations
  6675 | Bailey   | Noticed an orc knight
  6675 | Bailey   | Noticed an orc knight
  6695 | Bailey   | Killed an orc knight
  6696 | Bailey   | Reached skill level 10 in Maces & Flails
  6696 | Bailey   | Reached skill level 5 in Invocations
  6706 | Bailey   | Killed an orc knight
  6706 | Bailey   | Reached ** piety under Okawaru
  6707 | Bailey   | Reached XP level 10. HP: 73/90 MP: 10/13
  6784 | Bailey   | Noticed an orc warlord
  6855 | Bailey   | Killed an orc warlord
  6856 | Bailey   | Reached skill level 6 in Invocations
  6980 | Bailey   | Reached *** piety under Okawaru
  7169 | Bailey   | Acquired 1069 gold pieces
  7482 | D:7      | Found a stormy altar of Qazlal.
  7485 | D:7      | Found a basalt altar of Yredelemnul.
  7494 | D:7      | Found a shimmering altar of Xom.
  7497 | D:7      | Found a blossoming altar of Fedhas.
  7538 | D:7      | Reached skill level 7 in Invocations
  7934 | D:8      | Reached skill level 1 in Axes
  8100 | D:8      | Reached **** piety under Okawaru
  8283 | D:8      | Reached skill level 8 in Invocations
  8663 | D:8      | Noticed Erica
  8674 | D:8      | Killed Erica
  8854 | D:9      | Noticed a cyclops
  8861 | D:9      | Killed a cyclops
  8862 | D:9      | Reached skill level 5 in Axes
  8862 | D:9      | Reached XP level 11. HP: 63/95 MP: 13/16
  9084 | D:9      | Reached skill level 9 in Invocations
  9356 | D:9      | Reached ***** piety under Okawaru
 10103 | D:9      | Found a staircase to the Orcish Mines.
 10115 | D:9      | Reached skill level 10 in Invocations
 10389 | D:10     | Entered Level 10 of the Dungeon
 10798 | D:10     | Found a staircase to the Lair.
 11189 | D:10     | Noticed a five-headed hydra
 11190 | D:10     | Noticed a tengu warrior
 11373 | Orc:1    | Entered Level 1 of the Orcish Mines
 11378 | Orc:1    | Reached skill level 11 in Invocations
 11385 | Orc:1    | Reached XP level 12. HP: 51/103 MP: 17/19
 11393 | Orc:1    | Reached skill level 10 in Axes
 11836 | Orc:2    | Entered Level 2 of the Orcish Mines
 11980 | Orc:2    | Identified the +1 robe of Limited Liability {rF- Will+
                  | Str+2} (Okawaru gifted it to you on level 2 of the Orcish
                  | Mines)
 11980 | Orc:2    | Received a gift from Okawaru
 12014 | Orc:2    | Found Qouzenor's Self-Improvement Boutique.
 12024 | Orc:2    | Bought a manual of Axes for 1040 gold pieces
 12024 | Orc:2    | Bought a manual of Armour for 1040 gold pieces
 12052 | Orc:2    | Found a gate leading to a gauntlet.
 12062 | Orc:2    | Found a staircase to the Elven Halls.
 12066 | Gauntlet | Entered a Gauntlet
 12066 | Gauntlet | Found a transporter.
 12066 | Gauntlet | Found a transporter.
 12160 | Gauntlet | Found a transporter.
 12163 | Gauntlet | Found a transporter.
 12165 | Gauntlet | Found a large runed translucent door.
 12166 | Gauntlet | Found a large runed translucent door.
 12167 | Gauntlet | Found a large runed translucent door.
 12167 | Gauntlet | Found a large runed translucent door.
 12167 | Gauntlet | Found a runed translucent door.
 12168 | Gauntlet | Found a large runed translucent door.
 12169 | Gauntlet | Found a large runed translucent door.
 12170 | Gauntlet | Found a large runed translucent door.
 12170 | Gauntlet | Found a large runed translucent door.
 12171 | Gauntlet | Found a runed translucent gate.
 12173 | Gauntlet | Found a transporter.
 12177 | Gauntlet | Found a transporter.
 12181 | Gauntlet | Noticed a hell hog
 12191 | Gauntlet | Found a transporter.
 12273 | Gauntlet | Found a transporter.
 12277 | Gauntlet | Found a transporter.
 12279 | Gauntlet | Found a large runed translucent door.
 12280 | Gauntlet | Found a large runed translucent door.
 12281 | Gauntlet | Found a large runed translucent door.
 12281 | Gauntlet | Found a large runed translucent door.
 12281 | Gauntlet | Found a runed translucent door.
 12282 | Gauntlet | Found a large runed translucent door.
 12283 | Gauntlet | Found a large runed translucent door.
 12284 | Gauntlet | Found a large runed translucent door.
 12284 | Gauntlet | Found a large runed translucent door.
 12285 | Gauntlet | Found a runed translucent gate.
 12285 | Gauntlet | Found a runed translucent gate.
 12287 | Gauntlet | Found a transporter.
 12291 | Gauntlet | Found a transporter.
 12307 | Gauntlet | Found a transporter.
 12470 | Gauntlet | Identified the +1 pair of boots of Voapir {Str+3}
 12521 | Gauntlet | Identified the -1 pair of gloves of Insurance {rPois rN+
                  | SInv}
 12529 | Gauntlet | Identified the +5 dagger of Istria {freeze, MP+9 SInv}
 12754 | Gauntlet | Identified the ring of Joatylea {*Corrode rPois rF+ Str+8}
 12754 | Gauntlet | Noticed a minotaur
 12765 | Gauntlet | Killed a minotaur
 12842 | Orc:2    | Noticed an orc high priest
 12855 | Orc:2    | Killed an orc high priest
 12856 | Orc:2    | Reached skill level 10 in Armour
 12856 | Orc:2    | Reached skill level 12 in Invocations
 13103 | Orc:2    | Noticed a two-headed ogre
 13103 | Orc:2    | Noticed a two-headed ogre
 13114 | Orc:2    | Noticed a two-headed ogre
 13115 | Orc:2    | Killed a two-headed ogre
 13120 | Orc:2    | Killed a two-headed ogre
 13120 | Orc:2    | Noticed a two-headed ogre
 13125 | Orc:2    | Killed a two-headed ogre
 13130 | Orc:2    | Noticed a two-headed ogre
 13137 | Orc:2    | Killed a two-headed ogre
 13142 | Orc:2    | Noticed a two-headed ogre
 13144 | Orc:2    | Noticed a two-headed ogre
 13154 | Orc:2    | Killed a two-headed ogre
 13161 | Orc:2    | Killed a two-headed ogre
 13163 | Orc:2    | Noticed a two-headed ogre
 13169 | Orc:2    | Killed a two-headed ogre
 13174 | Orc:2    | Reached XP level 13. HP: 57/108 MP: 17/21
 13198 | Orc:2    | Received a gift from Okawaru
 13208 | Orc:2    | Reached skill level 13 in Invocations
 13215 | Orc:2    | Received a gift from Okawaru
 13216 | Orc:2    | Paralysed by something for 2 turns
 13305 | Orc:2    | Paralysed by an ogre mage for 5 turns
 13315 | Orc:2    | Reached skill level 15 in Axes
 13686 | Orc:2    | Found Sosax's Assorted Antiques.
 13686 | Orc:2    | Found Waisk's Book Emporium.
 13686 | Orc:2    | Found Yddabbo's Distillery.
 13686 | Orc:2    | Found Rano's Magic Scroll Shop.
 13693 | Orc:2    | Bought a scroll labelled DYMUODE QODGHO for 22 gold pieces
 14477 | D:10     | Received a gift from Okawaru
 14478 | D:10     | Reached skill level 15 in Armour
 15105 | D:11     | Identified the +2 robe of Veoqous {rC+}
 15235 | D:11     | Reached skill level 14 in Invocations
 15741 | D:11     | Noticed YordlordTheGreat's ghost (journeyman HOGl)
 15748 | D:11     | Found a transporter.
 15760 | D:11     | Found a transporter.
 15918 | D:12     | Reached XP level 14. HP: 111/116 MP: 23/23
 16756 | D:13     | Got the Grimoire of Formation and Abhorrent Ceremonies
 16778 | D:13     | Noticed Rupert
 16858 | Lair:1   | Entered Level 1 of the Lair of Beasts
 18079 | Lair:2   | Identified the scarf "Valir" {repulsion, Rampage Will-
                  | Dex+4} (Okawaru gifted it to you on level 2 of the Lair of
                  | Beasts)
 18079 | Lair:2   | Received a gift from Okawaru
 18223 | Lair:2   | Found a runed translucent gate.
 18223 | Lair:2   | Found a runed translucent gate.
 18223 | Lair:2   | Found a runed translucent gate.
 18224 | Lair:2   | Noticed laros's ghost (journeyman MiBe)
 18340 | Lair:2   | Reached skill level 1 in Shields
 18350 | Lair:2   | Reached skill level 15 in Invocations
 19157 | Lair:3   | Found a staircase to the Snake Pit.
 19420 | Lair:3   | Reached skill level 5 in Shields
 19423 | Lair:3   | Reached XP level 15. HP: 123/123 MP: 25/25
 19513 | Lair:3   | Found the +18 shield of the Gong {Loud rN+ Will+ rCorr
                  | EV-5}
 19778 | Lair:3   | Found a staircase to the Shoals.
 20624 | Lair:4   | Found a runed translucent door.
 21293 | Lair:5   | Entered Level 5 of the Lair of Beasts
 21351 | Lair:5   | Reached skill level 16 in Invocations
 21354 | Lair:5   | Identified the +3 kite shield "Xoar" {rPois rF+} (Okawaru
                  | gifted it to you on level 5 of the Lair of Beasts)
 21354 | Lair:5   | Received a gift from Okawaru
 21436 | Lair:5   | Found a viscous altar of Jiyva.
 21437 | Lair:5   | Found a staircase to the Slime Pits.
 21446 | Lair:5   | Identified the +2 leather armour of Refuge {rN+ SInv}
 21467 | Lair:5   | Found the +3 pair of gauntlets of War {Slay+5}
 22602 | Lair:2   | Killed laros's ghost
 22702 | Lair:2   | Identified the +1 dagger of Discomfort {antimagic, rElec
                  | Int+2}
 22868 | D:11     | Killed YordlordTheGreat's ghost
 23050 | D:3      | Killed Pargi
 23126 | D:3      | Found Veugekod's Antique Armour Shoppe.
 23137 | D:3      | Bought pitted quicksilver dragon scales for 1430 gold
                  | pieces
 23137 | D:3      | Identified the quicksilver dragon scales "Tiria" {Will+
                  | Int+3} (You bought it in a shop on level 3 of the Dungeon)
 23207 | D:3      | Bought a bloodstained ring mail for 198 gold pieces
 23207 | D:3      | Identified the +2 ring mail of the Clam {Str+3 Int+2 Dex-3
                  | Stlth+} (You bought it in a shop on level 3 of the Dungeon)
 23817 | D:3      | Found a sparkling altar of Nemelex Xobeh.
 23862 | D:3      | Found a faded altar of an unknown god.
 24010 | D:2      | Killed Crazy Yiuf
 24217 | D:13     | Killed Rupert
 24428 | D:13     | Noticed Lodul
 24439 | D:13     | Killed Lodul
 24967 | D:14     | Reached skill level 5 in Dodging
 24991 | D:14     | Noticed Jorgrun
 25011 | D:14     | Killed Jorgrun
 25012 | D:14     | Reached skill level 10 in Fighting
 25025 | D:14     | Reached XP level 16. HP: 118/134 MP: 22/27
 25038 | D:14     | Found a gate to the Vaults.
 25121 | D:14     | Identified Roxanne's Thoughts on the Caves
 25121 | D:14     | Noticed Roxanne
 25138 | D:14     | Killed Roxanne
 25138 | D:14     | Identified the +2 chain mail of Vexation {Dex+2} (Okawaru
                  | gifted it to you on level 14 of the Dungeon)
 25138 | D:14     | Received a gift from Okawaru
 25717 | D:14     | Noticed Kirke
 25730 | D:14     | Killed Kirke
 26021 | D:15     | Entered Level 15 of the Dungeon
 26021 | D:15     | Noticed MadAsgardian's ghost (journeyman TrMo)
 26021 | D:15     | Found a transporter.
 26023 | Abyss:3  | Cast into level 3 of the Abyss (a wizard)
 26075 | Abyss:3  | Noticed a hellephant
 26081 | Abyss:3  | Noticed a hellephant
 26091 | Abyss:3  | Found a corrupted altar of Lugonu.
 26091 | Abyss:3  | Noticed a hellephant
 26093 | Abyss:3  | Got an abyssal rune of Zot
 26149 | Abyss:3  | Found a shadowy altar of Dithmenos.
 26166 | Abyss:3  | Noticed a Hell Sentinel
 26192 | D:15     | Escaped the Abyss
 26242 | D:15     | Reached skill level 10 in Shields
 26489 | D:15     | Found a transporter.
 26547 | D:15     | Found a staircase to the Depths.
 26557 | D:15     | Reached skill level 17 in Invocations
 26639 | D:15     | Found a transporter.
 26754 | D:15     | Found a transporter.
 26773 | D:15     | Found a transporter.
 26823 | D:15     | Found a transporter.
 27130 | Snake:1  | Entered Level 1 of the Snake Pit
 27130 | Snake:1  | Found Ymeij's Distillery.
 27133 | Snake:1  | Noticed Aizul
 27150 | Snake:1  | Killed Aizul
 27466 | Snake:1  | Found Fuwnuvukk's Book Shoppe.
 27568 | Snake:1  | Identified the +7 glaive "Ojudgh" {flame, rC+++ rCorr Int-5
                  | Stlth+}
 27819 | Snake:1  | Found Sikunu's Armour Boutique.
 27844 | Snake:1  | Found Penez's Weapon Emporium.
 28103 | Snake:1  | Found Lyrchus's Assorted Antiques.
 28171 | Snake:1  | Found a snail-covered altar of Cheibriados.
 28295 | Snake:2  | Noticed Agnes
 28311 | Snake:1  | Killed Agnes
 28311 | Snake:1  | Identified the +6 glaive "Epnuawac" {flame, rF- Int+3 Dex+4
                  | Stlth+} (Okawaru gifted it to you on level 1 of the Snake
                  | Pit)
 28311 | Snake:1  | Received a gift from Okawaru
 28345 | Snake:1  | Upgraded the game from 0.30.1-4-g462c640d31 to
                  | 0.30.1-5-ged363bc7ee
 28541 | Snake:2  | Reached XP level 17. HP: 78/147 MP: 28/28
 28753 | Snake:2  | Identified the +5 shortbow of Zeganom {freeze, rC++ Int+7}
 30435 | Snake:4  | Entered Level 4 of the Snake Pit
 30452 | Snake:4  | Noticed Bai Suzhen
 30720 | Snake:4  | Reached skill level 10 in Dodging
 30721 | Snake:4  | Identified the +4 ring mail of Museik {Str+4} (Okawaru
                  | gifted it to you on level 4 of the Snake Pit)
 30721 | Snake:4  | Received a gift from Okawaru
 30729 | Snake:4  | Reached skill level 18 in Invocations
 31219 | Arena    | Entered the Arena
 31235 | Arena    | Killed Bai Suzhen
 31534 | Snake:4  | Reached XP level 18. HP: 148/160 MP: 30/30
 31764 | Snake:4  | Identified the +1 scale mail "Seuhang" {rN+ Int+3} (Okawaru
                  | gifted it to you on level 4 of the Snake Pit)
 31764 | Snake:4  | Received a gift from Okawaru
 31844 | Snake:4  | Got a serpentine rune of Zot
 32247 | Shoals:1 | Entered Level 1 of the Shoals
 32446 | Orc:2    | Bought a manual of Hexes for 1040 gold pieces
 32479 | Elf:1    | Entered Level 1 of the Elven Halls
 32483 | Elf:1    | Paralysed by an air elemental for 1 turns
 32488 | Elf:1    | Paralysed by an air elemental for 1 turns
 32505 | Elf:1    | Reached skill level 1 in Hexes
 32686 | Elf:1    | Noticed Donald
 32728 | Elf:1    | Paralysed by an air elemental for 1 turns
 33010 | Elf:1    | Killed Donald
 34000 | Elf:2    | Reached skill level 5 in Hexes
 34002 | Elf:2    | Reached skill level 15 in Shields
 34042 | Elf:2    | Paralysed by an air elemental for 1 turns
 34434 | Elf:2    | Found a runed translucent gate.
 34435 | Elf:2    | Found a runed translucent gate.
 34438 | Elf:2    | Found a runed translucent gate.
 34544 | Elf:2    | Found Myrecwar's Book Emporium.
 34651 | Elf:3    | Entered Level 3 of the Elven Halls
 35281 | Elf:3    | Found Neuqej's Assorted Antiques.
 35286 | Elf:3    | Bought a potion of heal wounds for 105 gold pieces
 35286 | Elf:3    | Bought a potion of heal wounds for 105 gold pieces
 35286 | Elf:3    | Bought a potion of haste for 210 gold pieces
 35405 | Elf:2    | Received a gift from Okawaru
 35406 | Elf:2    | Noticed Azrael
 35419 | Elf:2    | Killed Azrael
 35435 | Elf:2    | Reached XP level 19. HP: 77/168 MP: 31/31
 36135 | Vaults:1 | Entered Level 1 of the Vaults
 36163 | Vaults:1 | Received a gift from Okawaru
 36169 | Abyss:4  | Cast into level 4 of the Abyss (a wizard)
 36177 | Vaults:1 | Escaped the Abyss
 36376 | Vaults:1 | Found a magical portal.
 36466 | WizLab   | Entered The Hall of the Hellbinder
 36565 | WizLab   | Identified the +1 hat of the World {rC+} (Okawaru gifted it
                  | to you in a wizard's laboratory)
 36565 | WizLab   | Received a gift from Okawaru
 36673 | WizLab   | Got the Discourse on the Familiar
 36833 | WizLab   | Noticed Feoloagu
 36846 | WizLab   | Killed Feoloagu the Hellbinder
 36853 | WizLab   | Found a burning altar of Makhleb.
 36863 | WizLab   | Identified the +0 plate armour of the Catfish {Int+3
                  | Slay+6}
 36913 | WizLab   | Identified the amulet of Buelamom {Acrobat -Cast rElec
                  | Str+8 Dex-3}
 37091 | Vaults:1 | Noticed Zenata
 37102 | Vaults:1 | Killed Zenata
 37383 | Vaults:1 | Learned a level 2 spell: Lesser Beckoning
 37436 | Vaults:1 | Found Nilet's Armour Shoppe.
 37504 | Vaults:1 | Reached skill level 1 in Evocations
 38215 | Vaults:2 | Reached skill level 15 in Fighting
 38292 | Vaults:2 | Reached XP level 20. HP: 124/178 MP: 32/32
 38883 | Vaults:2 | Reached skill level 19 in Invocations
 38906 | Vaults:2 | Found Iskurol's Magic Scroll Shoppe.
 38940 | Vaults:2 | Bought a scroll of enchant weapon for 120 gold pieces
 38987 | Vaults:2 | Identified the +5 shortbow "Tuthralih" {flame, Fly rC+
                  | Str+3}
 39193 | Vaults:2 | Reached ****** piety under Okawaru
 39412 | Vaults:2 | Identified the +0 chain mail of Fanaticism {Str+6} (Okawaru
                  | gifted it to you on level 2 of the Vaults)
 39412 | Vaults:2 | Received a gift from Okawaru
 39534 | Vaults:2 | Found a staircase to the Crypt.
 39812 | Vaults:3 | Reached skill level 5 in Evocations
 40573 | Vaults:3 | Identified the scarf of Decompression {shadows, Drain Fly
                  | Str+3} (Okawaru gifted it to you on level 3 of the Vaults)
 40573 | Vaults:3 | Received a gift from Okawaru
 40917 | Vaults:4 | Noticed Sojobo
 40922 | Vaults:4 | Found a crumbling gateway.
 40922 | Vaults:4 | Paralysed by an air elemental for 1 turns
 40926 | Desolati | Entered the Desolation of Salt
 40970 | Desolati | Reached XP level 21. HP: 115/189 MP: 33/33
 41188 | Desolati | Identified the amulet of Diwouviw {Acrobat +Blink Regen+
                  | rCorr Int+3}
 41233 | Vaults:4 | Paralysed by an air elemental for 1 turns
 41606 | Crypt:1  | Entered Level 1 of the Crypt
 42320 | Crypt:1  | Found a runed translucent door.
 42321 | Crypt:1  | Noticed an ancient lich
 42726 | Crypt:1  | Killed an ancient lich
 42726 | Crypt:1  | Received a gift from Okawaru
 42834 | Crypt:2  | Reached skill level 20 in Invocations
 43566 | Crypt:3  | Entered Level 3 of the Crypt
 43604 | Crypt:3  | Noticed Boris
 43625 | Crypt:2  | Killed Boris
 43625 | Crypt:2  | Identified the +4 ring mail "Meph" {Harm rC+} (Okawaru
                  | gifted it to you on level 2 of the Crypt)
 43625 | Crypt:2  | Received a gift from Okawaru
 44226 | Crypt:3  | Noticed a profane servitor
 44235 | Crypt:3  | Killed a profane servitor
 44236 | Crypt:3  | Reached XP level 22. HP: 92/201 MP: 35/35
 44241 | Crypt:3  | Noticed an ancient lich
 44254 | Crypt:3  | Noticed a curse toe
 44853 | Crypt:3  | Killed an ancient lich
 45108 | Crypt:3  | Reached skill level 15 in Dodging
 45158 | Crypt:3  | Killed a curse toe
 45908 | Crypt:3  | Found a staircase to the Tomb.
 46053 | Crypt:3  | Found an ancient bone altar of Kikubaaqudgha.
 46055 | Crypt:3  | Found a basalt altar of Yredelemnul.
 46068 | Crypt:3  | Acquired 614 gold pieces
 46070 | Crypt:3  | Identified the ring "Beymn" {rPois rN+ Str+4 Int-3}
 46070 | Crypt:3  | Identified the ring "Etep" {rN+ rCorr Str+3}
 46070 | Crypt:3  | Identified the ring of Zyfred {rF+ rN+}
 46108 | Crypt:3  | Identified the amulet of the Scarab {Acrobat Fragile rElec
                  | rF++ Stlth+}
 46390 | Vaults:1 | Bought the +8 ring mail "Pintoi" {rElec rPois rF- rN+++}
                  | for 838 gold pieces
 46473 | Depths:1 | Entered Level 1 of the Depths
 46507 | Depths:1 | Noticed Boris
 46520 | Depths:1 | Killed Boris
 46662 | Depths:1 | Reached skill level 21 in Invocations
 46917 | Depths:1 | Found an ornate altar of the Wu Jian Council.
 47174 | Depths:1 | Found Ownuol's Assorted Antiques.
 47174 | Depths:1 | Found Taecehe's Weapon Shoppe.
 47181 | Depths:1 | Bought an ichor-stained robe for 250 gold pieces
 47181 | Depths:1 | Identified the +1 robe "Quawain" {Int+4} (You bought it in
                  | a shop on level 1 of the Depths)
 47282 | Depths:1 | Found a gateway to Hell.
 47979 | Depths:2 | Gained mutation: You have hidden genetic defects. [a
                  | neqoxec]
 47981 | Depths:2 | Found a one-way gate leading to the halls of Pandemonium.
 48006 | Depths:2 | Reached skill level 22 in Invocations
 48028 | Depths:2 | Lost mutation: Your muscles are strong. (Str +4, Int/Dex
                  | -1) [potion of mutation]
 48028 | Depths:2 | Lost mutation: You have hidden genetic defects. [potion of
                  | mutation]
 48028 | Depths:2 | Gained mutation: Your body sometimes deteriorates upon
                  | taking damage. [potion of mutation]
 48028 | Depths:2 | Gained mutation: Your mind is acute. (Int +4, Str/Dex -1)
                  | [potion of mutation]
 48202 | Depths:2 | Received a gift from Okawaru
 48242 | Depths:2 | Noticed a caustic shrike
 48252 | Depths:2 | Killed a caustic shrike
 48559 | Depths:2 | Noticed a caustic shrike
 48563 | Depths:2 | Killed a caustic shrike
 49071 | Depths:2 | Found Hawevota's Antique Armour Emporium.
 49076 | Depths:2 | Bought a masterwork ring mail for 369 gold pieces
 49076 | Depths:2 | Identified the +0 ring mail "Miecwig" {Slay+2} (You bought
                  | it in a shop on level 2 of the Depths)
 49076 | Depths:2 | Bought a glowing scarf for 328 gold pieces
 49285 | Depths:2 | Noticed Grunn
 49292 | Depths:2 | Reached skill level 23 in Invocations
 49326 | Depths:1 | Reached XP level 23. HP: 36/209 MP: 37/37
 49855 | Arena    | Entered the Arena
 49860 | Arena    | Killed Grunn
 50166 | Depths:3 | Noticed Mara
 50175 | Arena    | Entered the Arena
 50183 | Arena    | Killed Mara
 50373 | Depths:3 | Noticed a juggernaut
 50388 | Depths:3 | Killed a juggernaut
 50418 | Depths:3 | Reached skill level 24 in Invocations
 50425 | Depths:3 | Noticed Boris
 50434 | Depths:3 | Killed Boris
 51283 | Depths:3 | Found a stormy altar of Qazlal.
 51373 | Depths:3 | Gained mutation: You are vulnerable to cold. (rC-) [a
                  | shining eye]
 51376 | Depths:3 | Found a one-way gateway to a ziggurat.
 51376 | Depths:3 | Gained mutation: You are robust. (+10% HP) [a shining eye]
 51377 | Depths:3 | Gained mutation: Your magical capacity is low. (-10% MP) [a
                  | shining eye]
 51378 | Depths:3 | Gained mutation: Your body often deteriorates upon taking
                  | damage. [a shining eye]
 51384 | Depths:3 | Lost mutation: Your mind is acute. (Int +4, Str/Dex -1)
                  | [potion of mutation]
 51384 | Depths:3 | Lost mutation: Your body often deteriorates upon taking
                  | damage. [potion of mutation]
 51384 | Depths:3 | Lost mutation: You are robust. (+10% HP) [potion of
                  | mutation]
 51384 | Depths:3 | Lost mutation: You are vulnerable to cold. (rC-) [potion of
                  | mutation]
 51384 | Depths:3 | Gained mutation: You have large cloven feet. [potion of
                  | mutation]
 51385 | Depths:3 | Lost mutation: Your body sometimes deteriorates upon taking
                  | damage. [potion of mutation]
 51385 | Depths:3 | Lost mutation: Your magical capacity is low. (-10% MP)
                  | [potion of mutation]
 51385 | Depths:3 | Gained mutation: Armour fits poorly on your strangely
                  | shaped body. [potion of mutation]
 51385 | Depths:3 | Gained mutation: Your mind is acute. (Int +4, Str/Dex -1)
                  | [potion of mutation]
 51386 | Depths:3 | Lost mutation: You have large cloven feet. [potion of
                  | mutation]
 51386 | Depths:3 | Lost mutation: Armour fits poorly on your strangely shaped
                  | body. [potion of mutation]
 51386 | Depths:3 | Gained mutation: You are strong-willed. (Will+) [potion of
                  | mutation]
 51544 | Depths:3 | Found a one-way gate to the infinite horrors of the Abyss.
 51801 | Depths:3 | Found a runed translucent gate.
 51801 | Depths:3 | Found a runed translucent gate.
 51802 | Depths:3 | Found a runed translucent gate.
 51802 | Depths:3 | Noticed Plog's ghost (adept DgCj)
 51830 | Depths:3 | Killed Plog's ghost
 51848 | Depths:3 | Received a gift from Okawaru
 51855 | Depths:3 | Reached skill level 25 in Invocations
 51960 | Depths:4 | Entered Level 4 of the Depths
 51986 | Depths:4 | Noticed a caustic shrike
 51986 | Depths:4 | Noticed a caustic shrike
 51986 | Depths:4 | Noticed a caustic shrike
 51986 | Depths:4 | Noticed a caustic shrike
 51986 | Depths:4 | Noticed a caustic shrike
 52495 | Depths:4 | Killed a caustic shrike
 52497 | Depths:4 | Killed a caustic shrike
 52503 | Depths:4 | Killed a caustic shrike
 52510 | Depths:4 | Killed a caustic shrike
 52512 | Depths:4 | Killed a caustic shrike
 52755 | Depths:4 | Noticed Frederick
 52798 | Arena    | Entered the Arena
 52802 | Arena    | Killed from afar by Frederick

Illustrated notes

Levels and vault maps discovered:
D:1:      lightli_molten_gateway, layout_rooms, minmay_pentomino_s4
D:2:      layout_loops_corners, uniq_robin, uniq_crazy_yiuf_cottage
D:3:      layout_basic, nemelex_spade_bored_becter,
          chequers_ecumenical_altar_lobes, serial_forest,
          infiniplex_forest_end_double, infiniplex_forest_lined_2,
          infiniplex_forest_lined_3, infiniplex_forest_zigzag_1,
          infiniplex_forest_lined_3, infiniplex_forest_end_2,
          infiniplex_forest_clump_small, serial_shops,
          nicolae_shop_getting_attention, serial_bayou_pond_d, uniq_pargi
D:4:      layout_basic, portal_sewer_entry_f
D:5:      layout_loops_corners, kennysheep_generic_room_12
D:6:      layout_basic, minmay_temple_entry_antechambers, serial_shops,
          nicolae_shop_drivethru, shop, chequers_serial_rivers_room_a,
          mrwooster_statue_mirror, uniq_grinder, uniq_blork_the_orc
D:7:      layout_gridville, grunt_temple_overflow_cloverleaf, enter_bailey_2,
          minmay_misc_feat_secret_circle, grunt_decor_mini_mirrors,
          grunt_ministairs_6, minmay_tree_intersection
D:8:      layout_rooms, minmay_diced_spiral, uniq_erica
D:9:      layout_loops_ring, kennysheep_orc_monster_closet_entryway
D:10:     hangedman_cross_veins, layout_stronghold,
          grunt_lair_entry_orc_guard_hut
D:11:     layout_irregular_city, gammafunk_ghost_arena
D:12:     layout_irregular_city
D:13:     layout_small_grid, uniq_rupert, uniq_lodul
D:14:     layout_stronghold, grunt_vaults_entry_tiered,
          minmay_misc_feat_nine_boxes, lemuel_old_faithful, uniq_roxanne,
          uniq_kirke, uniq_jorgrun
D:15:     gammafunk_depths_entry_grave, layout_rooms,
          portal_ice_cave_entry_pillars_three, gammafunk_ghost_arena,
          nicolae_transporter_intersection
Temple:   hellmonk_temple_divided_pantheon
Lair:1:   lemuel_ratsnest, layout_loops_ring, grunt_megastairs_5
Lair:2:   minmay_lair_oklob_chamber, layout_hall_layers,
          gammafunk_ghost_necromancy, grunt_megastairs_4, lemuel_fruit_fields,
          lemuel_fruit_fields
Lair:3:   dreamdust_isle_of_ice, layout_chaotic_city,
          minmay_shoals_entry_lonely_mermaid, guppyfry_snake_entry_island,
          nicolae_lair_lakeside_cave
Lair:4:   dreamdust_labyrinth, layout_regular_city
Lair:5:   guppyfry_lair_end_dragon, layout_regular_city,
          minmay_slime_entry_pillars, minivault_23, grunt_forest_stairs_basic,
          st_stairs_13, gammafunk_lair_bear_cave
Shoals:1: layout_shoals
Snake:1:  layout_misc_corridors, serial_shops, shop, nicolae_take_the_stairs,
          nicolae_lakefront_shop, shop, basic_altar, nicolae_snake_snake_lake,
          minmay_shop_star, uniq_aizul
Snake:2:  layout_cave_shapes, uniq_agnes
Snake:3:  layout_honeycomb, st_stairs_14
Snake:4:  grunt_snake_rune_pools, layout_cave_town, nicolae_snake_omega,
          uniq_bai_suzhen
Orc:1:    layout_caves, basic_altar
Orc:2:    st_orc_ogre_mass, layout_diamond_mine, gauntlet_entry_generic,
          nicolae_shop_self_help
Elf:1:    nicolae_elf_arrival_aired_out, layout_loops_corners,
          hangedman_elf_represent, uniq_donald
Elf:2:    elven_hall_of_blades_hangedman_original
          [infiniplex_blade_entry_pillars], layout_geoelf_diagonals,
          serial_shops, shop, uniq_azrael
Elf:3:    nooodl_elf_gasket, layout_geoelf_castle, serial_shops, shop,
          nicolae_elf_glassroom_feature
Vaults:1: mu_enter_wizlab_5, ontoclasm_vaults_bender,
          nicolae_vaults_storage_closets_3, nicolae_vaults_tetromino_T_1,
          v_misc_29, nicolae_vaults_taking_the_gang_shopping,
          ontoclasm_vaults_chip, hangedman_vaults_maws,
          vaults_room_guarded_vault, nicolae_vaults_stairing_the_circle,
          nicolae_vaults_trapezoid_1, layout_vaults_omnicross, uniq_zenata
Vaults:2: minmay_crypt_entry_vampire_xt, nicolae_vaults_network_quinsquares
          [nicolae_vaults_network_quincunx_subvault,
          nicolae_vaults_network_quincunx_subvault,
          nicolae_vaults_network_quincunx_subvault,
          nicolae_vaults_network_quincunx_subvault], hangedman_vaults_slither,
          v_pattern_5, nicolae_vaults_inception_statues, vaults_mumra_minichess,
          v_alt_pattern_4, nicolae_vaults_storage_closets_1,
          nicolae_vaults_big_ls, nicolae_vaults_tetromino_L_1,
          layout_vaults_omnibox, serial_shops, shop
Vaults:3: nicolae_vaults_double_plus_2, nicolae_vaults_wine_cellar,
          nicolae_vaults_trapezoid_2, nicolae_vaults_yaktaur_gun_rack,
          nicolae_vaults_security_offices_1, vaults_mumra_hexcomb,
          nicolae_vaults_little_squares_5, nicolae_vaults_diamond_2,
          layout_vaults_big_room
Vaults:4: portal_desolation_entry_garden, v_misc_29,
          nicolae_vaults_tetromino_Z_1, ontoclasm_vaults_eye, v_misc_17,
          nicolae_vaults_trapezoid_lopsided_2, nicolae_vaults_frosty_reception,
          nicolae_vaults_trapezoid_4, nicolae_vaults_double_plus_1,
          sword_in_stone, nicolae_vaults_asterisk, layout_vaults_ring
Crypt:1:  cheibrodos_crypt_cold_storage, layout_chaotic_city,
          grunt_crypt_arrival_split
Crypt:2:  layout_regular_city
Crypt:3:  lightli_unholy_cathedral, layout_chaotic_city,
          nicolae_tomb_entry_unfolded_pyramid_orthogonal,
          palyth_stone_intersect, ebering_dispersal_statue_hall, uniq_boris
Depths:1: layout_roguey [special_room_mythical_zoo], lightli_too_deep,
          minmay_misc_feat_pillars, nicolae_wu_jian_wuxing_cycle,
          roderic_lattice_octagonal_star, minmay_shoptagon
Depths:2: kennysheep_snake, layout_gridlike, serial_shops, shop,
          rand_demon_pan_entry_5, grunt_decor_arrowhead, hell_entry, uniq_grunn
Depths:3: minmay_quantized_circle, layout_gridlike, enter_ziggurat_c,
          abyss_entry_crystal, nicolae_qazlal_eye_of_the_storm, hell_entry,
          biasface_ghost_demon_polymorph, small_chamber_with_monster,
          minmay_protected_statue, uniq_parghit, uniq_mara
Depths:4: evilmike_zot_entry_gauntlet, layout_cave_pools, serial_column_ruins,
          column_ruins_open_medium, column_ruins_grid_1, column_ruins_grid_1,
          column_ruins_columns_corner, column_ruins_grid_3,
          column_ruins_open_medium, column_ruins_grid_2, hell_entry,
          abyss_entry, uniq_frederick
Arena

Skill      XL: |  1  2  3  4  5  6  7  8  9 10 11 12 13 14 15 16 17 18 19 20 21 22 23 |
---------------+----------------------------------------------------------------------+-----
Fighting       | 1 2 3 4 5 6 8 10 12 14 15 16 17 18 19 | 19.9
Armour         | 1 2 3 4 6 8 12 16 17 18 19 20 | 20.5
Maces & Flails | 1 2 3 4 6 8 10 11 | 11.8
Invocations    | 5 8 11 12 14 15 16 17 18 19 20 23 25 | 25.4
Axes           | 5 9 13 17 19 20 | 20.1
Shields        | 5 9 11 13 16 18 | 18.0
Dodging        | 5 8 11 12 13 14 15 | 15.1
Hexes          | 8 9 |  9.6
Evocations     | 3 6 8 |  8.8
Stealth        | |  1.5
Spellcasting   | |  2.1
Conjurations   | |  0.6
Summonings     | |  0.6
Translocations | |  0.6

Action                     |  1- 3 |  4- 6 |  7- 9 | 10-12 | 13-15 | 16-18 | 19-21 | 22-24 || total
---------------------------+-------+-------+-------+-------+-------+-------+-------+-------++-------
  Melee: Whip              |   103 |   146 |    63 |       |       |       |       |       ||   312
         Headbutt          |    13 |    21 |    35 |   105 |   213 |   199 |   339 |   287 ||  1212
         Dagger            |     3 |       |       |       |       |       |       |       ||     3
         Flail             |       |       |   194 |    75 |       |       |       |       ||   269
         Punch             |       |       |     3 |    12 |    14 |       |       |       ||    29
         Broad axe         |       |       |       |   453 |   936 |   948 |  1211 |   842 ||  4390
         Morningstar       |       |       |       |       |    31 |     4 |       |       ||    35
         Eveningstar       |       |       |       |       |       |       |       |    74 ||    74
  Throw: Dart              |       |       |     6 |     4 |       |     2 |     3 |     1 ||    16
   Cast: Magic Dart        |       |     3 |       |       |       |       |       |       ||     3
 Invoke: Heroism           |       |       |     1 |    14 |    19 |    12 |    10 |    11 ||    67
         Finesse           |       |       |       |     3 |     5 |     8 |     7 |     8 ||    31
         Duel              |       |       |       |       |       |     1 |       |     4 ||     5
  Evoke: Wand              |       |       |    12 |     5 |     3 |       |       |     3 ||    23
    Use: Scroll            |     5 |     8 |     8 |    11 |     8 |    21 |    10 |     8 ||    79
         Potion            |     2 |     4 |     7 |    14 |     6 |    13 |     9 |    11 ||    66
   Stab: Sleeping          |     2 |     1 |     1 |       |       |       |       |       ||     4
         Invisible         |       |     2 |     2 |     1 |     4 |       |       |       ||     9
         Distracted        |       |       |       |       |     1 |       |       |       ||     1
         Confused          |       |       |       |       |     1 |       |       |       ||     1
 Armour: Robe              |    33 |    36 |    74 |       |       |       |       |       ||   143
         Skin              |       |       |     5 |       |       |       |       |       ||     5
         Scale mail        |       |       |     8 |     7 |       |       |       |       ||    15
         Plate armour      |       |       |       |   428 |   173 |       |       |       ||   601
         Storm dragon scal |       |       |       |       |   301 |   228 |   312 |    16 ||   857
         Ring mail         |       |       |       |       |       |       |       |   205 ||   205
  Dodge: Dodged            |    68 |   101 |   139 |   219 |   267 |   167 |   226 |   219 ||  1406
  Block: Kite shield       |       |       |       |       |   245 |   987 |  1376 |   902 ||  3510
